 Dungeon Crawl Stone Soup version 0.29.1-15-g9cfb28693d (webtiles) character file.

Game seed: 7616089966620344759

247 growler the Insei (level 5, -1/40 HPs)
             Began as a Draconian Transmuter on Mar 3, 2023.
             Slain by Menkaure (13 damage)
             ... on level 4 of the Dungeon.
             The game lasted 00:06:30 (3804 turns).

growler the Insei (Draconian Transmuter)            Turns: 3804, Time: 00:06:30

Health: -1/40      AC:  8    Str: 12    XL:     5   Next: 85%
Magic:  7/9        EV: 12    Int: 15    God:
Gold:   193        SH:  0    Dex: 12    Spells: 0/10 levels left

rFire   . . .      SeeInvis .     - Unarmed
rCold   . . .      Faith    .   (no shield)
rNeg    . . .      Spirit   .   (body armour unavailable)
rPois   +          Reflect  .   i - +2 hat
rElec   .          Harm     .   (no cloak)
rCorr   .          Rampage  .   h - +0 pair of gloves
Will    .....                   (no boots)
Stlth   +.........              (no amulet)
HPRegen 0.13/turn               j - ring of poison resistance
MPRegen 0.11/turn               (no ring)

@: wereblooded
A: AC +5, unfitting armour, cold-blooded
a: no special abilities


You were on level 4 of the Dungeon.
You visited 1 branch of the dungeon, and saw 4 of its levels.

You collected 193 gold pieces.

Inventory:

Missiles
 c - 2 throwing nets
Armour
 h - a +0 pair of gloves (worn)
 i - a +2 hat (worn)
Jewellery
 j - a ring of poison resistance (left hand)
Wands
 a - a wand of roots (6)
Scrolls
 d - a scroll of fog {unknown}
 e - a scroll of poison {unknown}
 k - a scroll of teleportation
 m - a scroll of blinking {unknown}
 o - a scroll of identify
Potions
 b - 2 potions of curing {unknown}
 f - 2 potions of brilliance {unknown}
 g - a potion of attraction
 l - a potion of heal wounds
 n - a potion of mutation {unknown}


   Skills:
 - Level 1.1 Fighting
 - Level 1.7 Dodging
 + Level 4.8 Unarmed Combat
 - Level 3.0 Spellcasting
 + Level 4.2 Transmutations


You couldn't memorise any spells.
You knew the following spells:

 Your Spells              Type           Power      Damage    Failure   Level
a - Beastly Appendage     Tmut           28%        N/A       3%          1
b - Wereblood             Tmut           14%        N/A       5%          2
c - Spider Form           Tmut/Pois      8%         N/A       26%         3
d - Ice Form              Ice/Tmut       8%         N/A       63%         4

Your spell library contained the following spells:

 Spells                   Type           Power      Damage    Failure   Level
 Summon Forest            Summ/Tloc      1%         N/A       99%         5
 Malign Gateway           Summ/Tloc      1%         N/A       100%        7
 Summon Hydra             Summ           1%         N/A       100%        7


Dungeon Overview and Level Annotations

Branches:
Dungeon (4/15)
 Temple: D:4-7

Altars:

Shops:
D:1 (   D:3 (

Annotations:
D:4 Menkaure


Innate Abilities, Weirdness & Mutations

Your plain brown scales are hard. (AC +5)
You cannot fit into any form of body armour.
You are cold-blooded and may be slowed by cold attacks.


Message History

The orc is lightly wounded.
Menkaure, Prince of Dust comes into view.
The orc misses you.
You hit the orc.
The orc is heavily wounded.
Menkaure casts a spell.
Menkaure seems to speed up.
You hit the orc.
The orc is severely wounded.
The orc hits you with a +0 club.
You closely miss the orc.
The orc is heavily wounded.
The orc hits you but does no damage.
You barely miss the orc.
The orc is heavily wounded.
The orc hits you but does no damage.
Your magical contamination has completely faded away.
You hit the orc.
You kill the orc!
The goblin zaps a wand.
You resist with some effort.
Casting: Wereblood (safe; 5% risk of failure)
Confirm with . or Enter, or press ? or * to list all spells.
You don't know that spell.
Casting: Wereblood (safe; 5% risk of failure)
Confirm with . or Enter, or press ? or * to list all spells.
Your blood is infused with primal strength.
Menkaure calls on the powers of darkness!
The goblin convulses!
Your body is wracked with pain!
Unknown command.
The goblin attacks as you move away! The goblin hits you but does no damage.
The goblin zaps a wand.
You resist with some effort.
Menkaure calls on the powers of darkness!
Your body is wracked with pain!
* * * LOW HITPOINT WARNING * * *
The goblin attacks as you move away! The goblin hits you with a +0 dagger.
* * * LOW HITPOINT WARNING * * *
The goblin attacks as you move away! The goblin hits you but does no damage.
The goblin zaps a wand.
You resist with some effort. Menkaure attacks as you move away!
Menkaure hits you!
You die...

# #.....(..#..#...###.......#
.###.#.......##....#.##.........
.............###..###.###........
..##........##...## #............
###...........# #........##..
#.........g..# ##.#<....# .
#...(.....##..####...#........
.............M#......#......##
...............@......#.#.....#
........................#.....#
............#.##.###..........
............#.##.# #...#......
...........### # #### #####
.........## .....


You could see Menkaure (fast) and a goblin.

Vanquished Creatures
  Ijyb (D:3)
  Natasha (D:4)
  4 gnolls (D:3)
  7 adders
  An ufetubus (D:3)
  A worm (D:2)
  3 dart slugs
  7 orcs
  7 ball pythons
  5 endoplasms
  A giant cockroach (D:2)
  3 goblins
  7 hobgoblins
  4 jackals (D:3)
  6 quokkas
  2 bats (D:1)
  10 frilled lizards
  7 kobolds
  2 rats
79 creatures vanquished.

Vanquished Creatures (others)
  2 demonic plants (D:1)
  8 plants (D:3)
10 creatures vanquished.

Grand Total: 89 creatures vanquished

Notes
Turn   | Place    | Note
-------+----------+-------------------------------------------
     0 | D:1      | growler the Draconian Transmuter began the quest for the
                  | Orb.
     0 | D:1      | Reached XP level 1. HP: 16/16 MP: 3/3
   113 | D:1      | Found Vivaec's Antique Weapon Shoppe.
   221 | D:1      | Reached XP level 2. HP: 23/23 MP: 5/5
   512 | D:1      | Found a faded altar of an unknown god.
   900 | D:1      | Got the Omnibus of Illusion
  1274 | D:2      | Reached XP level 3. HP: 23/28 MP: 6/6
  1277 | D:2      | Learned a level 2 spell: Wereblood
  1281 | D:2      | Learned a level 3 spell: Spider Form
  1957 | D:3      | Reached XP level 4. HP: 27/35 MP: 6/8
  2150 | D:3      | Identified the +0 whip of Emynywodio {freeze, rC+ Str+5}
  2785 | D:3      | Noticed Ijyb
  2788 | D:3      | Reached XP level 5. HP: 40/40 MP: 6/9
  2813 | D:3      | Killed Ijyb
  3130 | D:3      | Found Quryleb's Weapon Shoppe.
  3314 | D:3      | Learned a level 4 spell: Ice Form
  3645 | D:4      | Noticed Natasha
  3650 | D:4      | Killed Natasha
  3787 | D:4      | Noticed Menkaure
  3804 | D:4      | Slain by Menkaure

Illustrated notes

Levels and vault maps discovered:
D:1:      dpeg_arrival_rhombus, layout_loops_ring, shapermc_ecumenical_altar_gd,
          serial_shops, shop, corexii_corridor_pit
D:2:      layout_rooms, hangedman_decor_opposing
D:3:      layout_loops_ring, serial_shops, shop, minmay_lizard_king, uniq_ijyb
D:4:      layout_cave_pools, uniq_menkaure, uniq_natasha

Skill      XL: |  1  2  3  4  5 |
---------------+----------------+-----
Transmutations | 3 4 |  4.2
Spellcasting   | 3 |  3.0
Unarmed Combat | 4 |  4.8
Fighting       | |  1.1
Dodging        | |  1.7

Action                   |  1- 3 |  4- 6 || total
-------------------------+-------+-------++-------
Melee: Unarmed           |   150 |   123 ||   273
       Headbutt          |     4 |     5 ||     9
       Kick              |     3 |    15 ||    18
       Tailslap          |    11 |     8 ||    19
       Punch             |     2 |     2 ||     4
 Cast: Beastly Appendage |     4 |     7 ||    11
       Wereblood         |       |     4 ||     4
  Use: Scroll            |       |     3 ||     3
       Potion            |       |     1 ||     1
 Stab: Sleeping          |     2 |       ||     2
Armor: Skin              |    54 |    56 ||   110
Dodge: Dodged            |    81 |    66 ||   147
